 Dungeon Crawl Stone Soup version 0.31.0-11-ge490571c62 (webtiles) character file.

Game seed: 9721241997190340944

732 Aldia the Apothecary (level 7, -7/46 HPs)
             Began as an Octopode Alchemist on Feb 4, 2024.
             Was an Initiate of Gozag.
             Mangled by an ice beast (13 damage)
             ... on level 4 of the Dungeon.
             The game lasted 00:10:01 (4562 turns).

Aldia the Apothecary (Octopode Alchemist)           Turns: 4562, Time: 00:10:01

Health: -7/46      AC:  1    Str:  7    XL:     7   Next: 73%
Magic:  7/12       EV: 13    Int: 19    God:    Gozag
Gold:   615        SH:  0    Dex: 13    Spells: 3/13 levels left

rFire   + . .        s - staff of fire
rCold   . . .        (no shield)
rNeg    . . .        (helmet restricted)
rPois   .            (no amulet)
rElec   .            (no ring)
rCorr   .            (no ring)
SInv    .            (no ring)
Will    .....        (no ring)
Stlth   +++          (no ring)
HPRegen 0.27/turn    (no ring)
MPRegen 0.13/turn    (no ring)
                     (no ring)

%: no passive effects
@: no status effects
A: almost no armour, amphibious, 8 rings, camouflage 1, gelatinous body 1,
(nimble swimmer 1), tentacles
a: Renounce Religion, Potion Petition, Call Merchant, Bribe Branch


You were on level 4 of the Dungeon.
You worshipped Gozag.
Gozag was pleased with you.
You visited 2 branches of the dungeon, and saw 5 of its levels.

You collected 615 gold pieces.

Inventory:

Hand Weapons
 c - a +0 dagger
 n - a +0 dagger of flaming
Magical Staves
 s - a staff of fire (weapon)
Jewellery
 h - a ring of ice
 j - an amulet of guardian spirit
 v - a +6 ring of dexterity
Wands
 w - a wand of roots (13)
Scrolls
 b - a scroll of revelation {unknown}
 d - a scroll of enchant armour {unknown}
 e - 2 scrolls of fear {unknown}
 i - a scroll of fog
 k - a scroll of identify {unknown}
 o - a scroll of blinking {unknown}
 p - a scroll of vulnerability {unknown}
 t - a scroll of enchant weapon {unknown}
 u - 4 scrolls of noise {unknown}
Potions
 a - a potion of magic
 f - a potion of lignification
 g - a potion of curing
 l - 2 potions of attraction
 m - a potion of heal wounds
 q - a potion of cancellation {unknown}
 r - a potion of mutation {unknown}


   Skills:
 + Level 3.3 Fighting
 + Level 2.0 Dodging
 - Level 3.3 Stealth
 + Level 3.9 Spellcasting
 - Level 3.0 Conjurations
 - Level 3.0 Air Magic
 * Level 5.7 Alchemy


You had 3 spell levels left.
You knew the following spells:

 Your Spells              Type           Power      Damage    Failure   Level
a - Sting                 Conj/Alch      80%        1d8       2%          1
b - Mercury Vapours       Alch/Air       40%        N/A       3%          2
c - Mephitic Cloud        Conj/Alch/Air  18%        N/A       9%          3
d - Olgreb's Toxic Radia  Alch           25%        N/A       13%         4

Your spell library contained the following spells:

 Spells                   Type           Power      Damage    Failure   Level
 Shock                    Conj/Air       60%        1d6       4%          1
 Swiftness                Air            15%        N/A       12%         3
 Freeze                   Ice            12%        1d3       14%         1
 Summon Small Mammal      Summ           12%        N/A       14%         1
 Hailstorm                Conj/Ice       9%         3d6       22%         3
 Call Canine Familiar     Summ           3%         N/A       38%         3
 Frozen Ramparts          Ice            6%         1d1       38%         3
 Airstrike                Air            7%         2d(2-18)  38%         4
 Sticky Flame             Fire/Alch      22%        2d6       38%         4
 Summon Blazeheart Golem  Fire/Summ      5%         N/A       80%         4


Dungeon Overview and Level Annotations

Branches:
Dungeon (4/15)             Temple (1/1) D:4

Altars:
Cheibriados
Dithmenos
Fedhas
Gozag
Hepliaklqana
Kikubaaqudgha
Nemelex Xobeh
Okawaru
Qazlal
Ru
Sif Muna
Vehumet
Wu Jian
Xom
Yredelemnul
The Shining One

Annotations:
D:4 1 runed translucent door, Arctor's ghost, amateur DEFE


Innate Abilities, Weirdness & Mutations

You cannot wear most types of armour.
You are amphibious.
You can wear up to eight rings at the same time.
Your skin changes colour to match your surroundings (Stealth+).
Your rubbery body absorbs attacks. (AC +1, EV +1)
((You are camouflaged when in or above water. (Stealth+)))
You have tentacles for arms and can constrict up to eight enemies at once.


Message History

Unknown command.
Unknown command.
Unknown command.
Unknown command.
The orc looks even sicker.
Your toxic aura wanes.
The orc barely misses you.
Unknown command.
You hit the ice beast but do no damage. Your squeeze misses the ice beast.
The ice beast hits you. The ice beast freezes you! The orc misses you.
Unknown command.
You hit the ice beast but do no damage.
You kill the orc!
The ice beast closely misses you.
Unknown command.
The sting hits the ice beast but does no damage.
The ice beast is poisoned.
The ice beast closely misses you.
The sting hits the ice beast.
The ice beast partially resists.
The ice beast is lightly wounded.
The ice beast hits you. The ice beast freezes you!
You are too injured to fight recklessly!
You are too injured to fight recklessly!
You are too injured to fight recklessly!
You closely miss the ice beast. You squeeze the ice beast.
The ice beast is heavily wounded.
The ice beast is distracted by your dazzling golden aura.
You completely miss the ice beast.
The ice beast is no longer distracted by gold.
The ice beast is heavily wounded.
The ice beast hits you. The ice beast freezes you!
* * * LOW HITPOINT WARNING * * *
Unknown command.
You are too injured to fight recklessly!
You hit the ice beast but do no damage.
The ice beast is heavily wounded.
The ice beast hits you.
* * * LOW HITPOINT WARNING * * *
The ice beast freezes you!
You die...
Your body crumbles into a pile of gold.

#. #. # ##### #. ##. #...#
#. .$# +.8.# #. #..#...#
#. #$#...### #.
#Y.8.'.###########.
#.!#@..#............. #$.
#...#.#######..... #.l
+.8.#.# #..... +.
#...#.#######.....
############.........###.
#.......>.............####
#.######.####.............
#.# #.# #............. #.#
#.# #.............


You could see an ice beast (poisoned).

Vanquished Creatures
  A black bear (D:4)
  A phantom (D:3)
  2 scorpions
  A bombardier beetle (D:4)
  An orc priest (D:3)
  Terence (D:2)
  An iguana (D:4)
  3 orc wizards
  Robin (D:2)
  4 gnolls
  10 adders
  A ribbon worm (D:4)
  2 dart slugs
  12 orcs
  8 endoplasms
  3 giant cockroaches
  16 goblins
  9 hobgoblins
  4 jackals (D:3)
  4 quokkas
  9 ball pythons
  A bat (D:2)
  5 frilled lizards
  11 kobolds
  5 rats
116 creatures vanquished.

Notes
Turn   | Place    | Note
-------+----------+-------------------------------------------
     0 | D:1      | Aldia the Octopode Alchemist began the quest for the Orb.
     0 | D:1      | Reached XP level 1. HP: 11/11 MP: 3/3
   227 | D:1      | Reached XP level 2. HP: 16/18 MP: 0/5
   469 | D:1      | Learned a level 2 spell: Mercury Vapours
   511 | D:1      | Reached skill level 1 in Fighting
   511 | D:1      | Reached XP level 3. HP: 23/23 MP: 1/6
   515 | D:1      | Learned a level 3 spell: Mephitic Cloud
   883 | D:1      | Reached skill level 4 in Alchemy
  1310 | D:2      | Noticed Terence
  1320 | D:2      | Killed Terence
  1321 | D:2      | Reached skill level 1 in Air Magic
  1321 | D:2      | Reached XP level 4. HP: 24/28 MP: 1/7
  1731 | D:2      | Found a faded altar of an unknown god.
  1740 | D:2      | Prayed at the altar of an unknown god.
  1740 | D:2      | Became a worshipper of Gozag Ym Sagoz the Greedy
  1876 | D:2      | Reached XP level 5. HP: 33/33 MP: 7/9
  1894 | D:2      | Noticed Robin
  1918 | D:2      | Killed Robin
  2886 | D:3      | Reached XP level 6. HP: 34/39 MP: 6/10
  3582 | D:4      | Learned a level 4 spell: Olgreb's Toxic Radiance
  3607 | D:4      | Found a staircase to the Ecumenical Temple.
  3616 | Temple   | Entered the Ecumenical Temple
  3830 | D:3      | Reached skill level 5 in Alchemy
  3830 | D:3      | Reached XP level 7. HP: 13/45 MP: 12/12
  3992 | D:4      | Found a runed translucent door.
  3992 | D:4      | Noticed Arctor's ghost (amateur DEFE)
  4330 | D:4      | HP: 3/69 [orc/+0 hand axe (4)]
  4330 | D:4      | HP: 1/69 [black bear (2)]
  4562 | D:4      | Mangled by an ice beast

Illustrated notes

Levels and vault maps discovered:
D:1:      minmay_arrival_stone_box, layout_basic
D:2:      layout_basic, basic_ecumenical_altar, uniq_robin, uniq_terence
D:3:      layout_rooms, serial_co_window_serial, co_window_paths_b,
          co_window_corner_a, co_window_corner_a, co_window_paths_a,
          co_window_of_opportunity_a, co_window_corner_b, co_window_corner_b,
          co_window_unsneaky_path_d, co_window_broadway_b, co_window_paths_d,
          co_window_paths_e, minmay_misc_feat_plants
D:4:      minmay_chambers_of_threes, layout_basic,
          minmay_temple_entry_junction_2, ebering_ghost_sewer_f
Temple:   compressed_dpeg_triangle_lava_temple

Skill      XL: |  1  2  3  4  5  6  7 |
---------------+----------------------+-----
Fighting       | 1 2 3 |  3.3
Alchemy        | 4 5 |  5.7
Stealth        | 3 |  3.3
Air Magic      | 1 2 3 |  3.0
Conjurations   | 2 3 |  3.0
Spellcasting   | 3 |  3.9
Dodging        | |  2.0

Action                     |  1- 3 |  4- 6 |  7- 9 || total
---------------------------+-------+-------+-------++-------
  Melee: Dagger            |    29 |    84 |    21 ||   134
         Tentacles         |     5 |    14 |     7 ||    26
         Constrict         |     4 |    16 |     8 ||    28
         Punch             |       |     2 |       ||     2
         Unarmed           |       |       |    13 ||    13
         Staff             |       |       |     7 ||     7
   Cast: Sting             |    40 |    78 |    23 ||   141
         Mercury Vapours   |     2 |     1 |     3 ||     6
         Mephitic Cloud    |       |     2 |     2 ||     4
         Olgreb's Toxic Ra |       |       |     2 ||     2
    Use: Scroll            |       |     1 |       ||     1
         Potion            |       |       |     4 ||     4
   Stab: Sleeping          |     7 |     3 |     2 ||    12
         Confused          |       |     2 |       ||     2
 Armour: Skin              |    16 |    67 |   107 ||   190
  Dodge: Dodged            |    27 |    85 |    29 ||   141
